 Dungeon Crawl Stone Soup version 0.25-a0-474-ga8a2ee3166 (webtiles) character file.

Game seed: 10713570870765139823, levelgen mode: deterministic

41 kae the Chopper (level 3, -1/31 HPs)
             Began as a Hill Orc Fighter on Feb 7, 2020.
             Slain by a hippogriff (4 damage)
             ... on level 2 of the Dungeon.
             The game lasted 00:00:47 (1167 turns).

kae the Chopper (Hill Orc Fighter)                  Turns: 1167, Time: 00:00:47

Health: -1/31      AC:  6    Str: 19    XL:     3   Next: 52%
Magic:  3/3        EV:  7    Int:  8    God:
Gold:   99         SH:  9    Dex: 10    Spells: 2/2 levels left

rFire    . . .     SeeInvis .   a - +0 war axe
rCold    . . .     Gourm    .   c - +0 shield
rNeg     . . .     Faith    .   b - +0 scale mail
rPois    .         Spirit   .   (no helmet)
rElec    .         Reflect  .   (no cloak)
rCorr    .         Harm     .   (no gloves)
MR       .....                  (no boots)
Stlth    ..........             (no amulet)
HPRegen  0.10/turn              (no ring)
MPRegen  0.08/turn              (no ring)

@: no status effects
A: no striking features
a: no special abilities


You were on level 2 of the Dungeon.
You were not hungry.

You visited 1 branch of the dungeon, and saw 2 of its levels.

You collected 99 gold pieces.

Inventory:

Hand Weapons
 a - a +0 war axe (weapon)
Armour
 b - a +0 scale mail (worn)
 c - a +0 shield (worn)
Scrolls
 g - 4 scrolls of identify {unknown}
 j - a scroll of enchant weapon {unknown}
 l - a scroll of remove curse {unknown}
 m - a scroll of teleportation {unknown}
Potions
 d - a potion of might
 e - a potion of flight {unknown}
 h - 3 potions of cancellation {unknown}
 i - a potion of brilliance {unknown}
 k - 2 potions of curing {unknown}
Comestibles
 f - 3 rations


   Skills:
 - Level 3.6 Fighting
 + Level 5.1 Axes
 - Level 3.2 Armour
 - Level 3.2 Shields


You had 2 spell levels left.
You didn't know any spells.
Your spell library was empty.

Dungeon Overview and Level Annotations

Branches:
Dungeon (2/15)

Altars:


Message History

The hippogriff is heavily wounded.
You block the hippogriff's attack.
The hippogriff pecks you but does no damage.
The hippogriff barely misses you. x2; You block the hippogriff's attack.
The hippogriff claws you but does no damage.
You slash the hippogriff!
The hippogriff is heavily wounded.
You block the hippogriff's attack. The hippogriff completely misses you.
The hippogriff closely misses you.
You completely miss the hippogriff.
The hippogriff is heavily wounded.
You block the hippogriff's attack. The hippogriff pecks you.
* * * LOW HITPOINT WARNING * * *
The hippogriff claws you.
* * * LOW HITPOINT WARNING * * *
You hit the hippogriff.
The hippogriff is severely wounded.
The hippogriff bites you but does no damage.
You block the hippogriff's attack. The hippogriff claws you.
You die...

...# .#.# .# ...# ..
..##### .#
......#### ##.#
.####....# #.. ..
####.# #.# #.
#.#######.####### .#
#.##.....@H...... .#
####....###.########
.# #.)....#....#
......####.#.####
#.### #...# #.#
#...# #.# ###..###
#.# #......#
#.######.##..[#
######


You could see a hippogriff.

Vanquished Creatures
  2 dart slugs (D:1)
  8 bats (D:1)
  2 giant cockroaches
  4 goblins
  4 hobgoblins (D:1)
  2 ball pythons (D:1)
  5 frilled lizards
  4 kobolds (D:1)
  6 rats
37 creatures vanquished.

Notes
Turn   | Place    | Note
-------+----------+-------------------------------------------
     0 | D:1      | kae the Hill Orc Fighter began the quest for the Orb.
     0 | D:1      | Reached XP level 1. HP: 19/19 MP: 1/1
   128 | D:1      | Reached skill level 3 in Axes
   189 | D:1      | Reached XP level 2. HP: 21/26 MP: 2/2
   388 | D:1      | Reached skill level 4 in Axes
   565 | D:1      | Reached XP level 3. HP: 31/31 MP: 3/3
   959 | D:2      | Reached skill level 5 in Axes
  1158 | D:2      | Noticed a hippogriff
  1167 | D:2      | Slain by a hippogriff

Levels and vault maps discovered:
D:1:      giann_wishing_wells, layout_loops_ring, minmay_octomino_c4
D:2:      layout_rooms, tgw_xom, nicolae_qazlal_style_of_elements

Skill      XL: |  1  2  3 |
---------------+----------+-----
Axes           | 3 4 5 |  5.1
Fighting       | |  3.6
Armour         | |  3.2
Shields        | |  3.2

Action                   || total
-------------------------++-------
Melee: War axe           ||   110
  Eat: Chunk             ||     1
Armor: Scale mail        ||    68
Dodge: Dodged            ||    47
Block: Shield            ||    84

Table legend:
 A = Non-vault XP
 B = Vault XP
 C = Vault XP percentage of total XP
 D = Non-vault monster count
 E = Vault monster count
 F = Vault count percentage of total count
                 A         B        C        D         E       F
            +---------+---------+-------+---------+---------+-------
      Total |      50 |       9 |  15.3 |      32 |       5 |  13.5
            +---------+---------+-------+---------+---------+-------
        D:1 |      40 |       9 |  18.4 |      25 |       5 |  16.7
        D:2 |      10 |       0 |   0.0 |       7 |       0 |   0.0
            +---------+---------+-------+---------+---------+-------
